 Dungeon Crawl Stone Soup version 0.31.0-32-g396128a36d (webtiles) character file.

Game seed: 16128172499122393741

138 PaiMei the Gusty (level 5, -7/30 HPs)
             Began as a Tengu Air Elementalist on Mar 14, 2024.
             Mangled by a hornet (8 damage)
             ... on level 4 of the Dungeon.
             The game lasted 00:04:53 (3295 turns).

PaiMei the Gusty (Tengu Air Elementalist)           Turns: 3295, Time: 00:04:53

Health: -7/30      AC:  3    Str:  8    XL:     5   Next: 21%
Magic:  4/10       EV: 13    Int: 18    God:
Gold:   144        SH:  0    Dex: 14    Spells: 8/9 levels left

rFire   . . .        k - +1 dagger (venom)
rCold   . . .        (no shield)
rNeg    . . .        a - +0 robe
rPois   .            (helmet restricted)
rElec   .            (no cloak)
rCorr   .            n - +0 pair of gloves
SInv    .            (boots unavailable)
Will    .....        (no amulet)
Stlth   ++           (no ring)
HPRegen 0.25/turn    (no ring)
MPRegen 0.12/turn

%: acrobat
@: slowed, very slow
A: beak, talons 3, acrobatic
a: no special abilities


You were on level 4 of the Dungeon.
You visited 1 branch of the dungeon, and saw 4 of its levels.

You collected 144 gold pieces.

Inventory:

Hand Weapons
 k - a +1 dagger of venom (weapon)
Missiles
 p - 5 poisoned darts (quivered)
Armour
 a - a +0 robe (worn)
 n - a +0 pair of gloves (worn)
Magical Staves
 o - a staff of air
Jewellery
 c - the ring "Poelez" {Wiz rCorr}
   (You found it on level 4 of the Dungeon)

   [ring of wizardry]

   Wiz:       It improves your spell success rate.
   rCorr:     It protects you from acid and corrosion.
 t - a ring of resist corrosion
Scrolls
 d - a scroll of silence {unknown}
 e - a scroll of revelation {unknown}
 g - 4 scrolls of identify {unknown}
 i - a scroll of enchant weapon {unknown}
 l - a scroll of teleportation {unknown}
 m - a scroll of amnesia {unknown}
 u - a scroll of immolation {unknown}
Potions
 b - a potion of magic
 h - a potion of degeneration {unknown}
 j - 2 potions of invisibility {unknown}
 q - a potion of might {unknown}
 r - a potion of haste {unknown}
 s - 5 potions of curing {unknown}


   Skills:
 + Level 1.9 Fighting
 + Level 3.3 Dodging
 - Level 2.1 Stealth
 + Level 2.8 Spellcasting
 - Level 1.7 Conjurations
 + Level 5.1 Air Magic


You had 8 spell levels left.
You knew the following spells:

 Your Spells              Type           Power      Damage    Failure   Level
a - Shock                 Conj/Air       56%        1d6       4%          1

Your spell library contained the following spells:

 Spells                   Type           Power      Damage    Failure   Level
 Static Discharge         Conj/Air       28%        3-5/arc   6%          2
 Swiftness                Air            21%        N/A       6%          3
 Magic Dart               Conj           32%        1d4       9%          1
 Airstrike                Air            10%        2d(2-18)  21%         4
 Blink                    Tloc           4%         N/A       26%         2
 Call Imp                 Summ           4%         N/A       26%         2


Dungeon Overview and Level Annotations

Branches:
Dungeon (4/15)             Temple (0/1) D:4

Altars:

Shops:
D:1 :   D:2 =

Annotations:
D:1 1 transporter


Innate Abilities, Weirdness & Mutations

You have a beak for a mouth.
You have claws for feet.
You can magically evade attacks while moving or waiting.


Message History

Press: ? - help, Shift-Dir - straight line, f/p - hornet
Aim: a hornet (lightly wounded, 57% to hit)
The zap hits the hornet.
The hornet is lightly wounded.
The hornet stings you!
You feel yourself slow down. The endoplasm freezes you.
You are frozen.
Casting: Shock (safe; 4% risk of failure)
Confirm with . or Enter, or press ? or * to list all spells.
Aiming: Shock (safe; 4% risk of failure)
Press: ? - help, Shift-Dir - straight line, f/p - hornet
Aim: a hornet (lightly wounded, 57% to hit)
The zap hits the hornet.
The hornet is moderately wounded.
The hornet misses you. The hornet barely misses you.
The endoplasm hits you but does no damage.
Casting: Shock (safe; 4% risk of failure)
Confirm with . or Enter, or press ? or * to list all spells.
Aiming: Shock (safe; 4% risk of failure)
Press: ? - help, Shift-Dir - straight line, f/p - hornet
Aim: a hornet (moderately wounded, 57% to hit)
The zap misses the hornet.
You feel yourself speed up. The hornet completely misses you.
The endoplasm freezes you.
You are frozen.
The hornet stings you!
* * * LOW HITPOINT WARNING * * *
You feel yourself slow down. The endoplasm freezes you.
You are frozen.
* * * LOW HITPOINT WARNING * * *
Casting: Shock (safe; 4% risk of failure)
Confirm with . or Enter, or press ? or * to list all spells.
Aiming: Shock (safe; 4% risk of failure)
Press: ? - help, Shift-Dir - straight line, f/p - hornet
Aim: a hornet (moderately wounded, 57% to hit)
The zap hits the hornet.
The hornet is moderately wounded.
The hornet closely misses you. The hornet stings you!
You die...

#.##...##..#
#.##...##..#
#..........
#.(..>....#
.........# ### ..
##...##.# ..
.#.##.yJ##.# .#
#.#"....@...# .##
#.######...## †.##
#.########.##
...######...........#
....o..).##.######..#
....####)##..#####..#
..........)......#..#
###.....####.....#..#
#'##..# #####.#..#


You could see a hornet and an endoplasm.

Vanquished Creatures
  Natasha (D:4)
  3 adders
  A ribbon worm (D:2)
  4 dart slugs
  4 orcs
  4 endoplasms
  A giant cockroach (D:1)
  8 goblins
  7 hobgoblins
  12 kobolds
  4 quokkas
  5 ball pythons
  6 bats
  6 frilled lizards
  5 rats
71 creatures vanquished.

Notes
Turn   | Place    | Note
-------+----------+-------------------------------------------
     0 | D:1      | PaiMei the Tengu Air Elementalist began the quest for the
                  | Orb.
     0 | D:1      | Reached XP level 1. HP: 10/10 MP: 4/4
   228 | D:1      | Reached XP level 2. HP: 15/15 MP: 0/6
   296 | D:1      | Found a faded altar of an unknown god.
   503 | D:1      | Found Woaf's Book Boutique.
   778 | D:1      | Reached XP level 3. HP: 20/20 MP: 5/7
  1343 | D:2      | Reached skill level 1 in Fighting
  1732 | D:2      | Reached XP level 4. HP: 25/25 MP: 0/8
  1839 | D:2      | Found Ophiassuy's Jewellery Shoppe.
  1928 | D:2      | Identified the +5 spear "Bocs" {antimagic, rPois rC+ Will+
                  | Dex-5}
  3002 | D:4      | Noticed Natasha
  3011 | D:4      | Killed Natasha
  3012 | D:4      | Reached skill level 5 in Air Magic
  3012 | D:4      | Reached XP level 5. HP: 28/30 MP: 1/10
  3282 | D:4      | Identified the ring "Poelez" {Wiz rCorr}
  3286 | D:4      | Found a staircase to the Ecumenical Temple.
  3287 | D:4      | Noticed a hornet
  3294 | D:4      | HP: 1/30 [frozen (1)]
  3295 | D:4      | Mangled by a hornet

Illustrated notes

Levels and vault maps discovered:
D:1:      spicycebolla_arrival_risky_transporter, layout_loops_cross,
          serial_shops, nicolae_shop_rolling_square,
          ebering_ecumenical_altar_abandoned, serial_forest,
          infiniplex_forest_lined_1, infiniplex_forest_lined_corner,
          infiniplex_forest_clump_curved, infiniplex_forest_lined_room_3,
          infiniplex_forest_straight_1, infiniplex_forest_end_2,
          corexii_leaking_fountain
D:2:      layout_rooms, serial_rivers, chequers_serial_rivers_small_a,
          chequers_serial_rivers_room_a, chequers_serial_rivers_micro_d,
          chequers_serial_rivers_small_3, chequers_serial_rivers_micro_e,
          chequers_serial_rivers_small_3, serial_shops, shop,
          hangedman_decor_lopped, serial_bayou_lake_a
D:3:      layout_rooms
D:4:      corexii_shantytown, layout_loops_ring,
          mainiacjoe_overflow_cross_hatched, minmay_temple_entry_stoned_glass,
          uniq_natasha

Skill      XL: |  1  2  3  4 |
---------------+-------------+-----
Fighting       | 1 |  1.9
Dodging        | 3 |  3.3
Air Magic      | 5 |  5.1
Stealth        | |  2.1
Spellcasting   | |  2.8
Conjurations   | |  1.7

Action                     |  1- 3 |  4- 6 || total
---------------------------+-------+-------++-------
  Melee: Spear             |     2 |       ||     2
         Kick              |    27 |     2 ||    29
         Peck              |     9 |       ||     9
         Dagger            |    41 |     7 ||    48
         Punch             |     1 |       ||     1
   Cast: Shock             |    76 |    81 ||   157
   Stab: Sleeping          |     1 |       ||     1
 Armour: Robe              |     4 |    14 ||    18
  Dodge: Dodged            |    10 |    18 ||    28
